 Dungeon Crawl Stone Soup version 0.29-a0-473-gacb4ef3bc5 (webtiles) character file.

Game seed: 913714226420377969

3257 CrazyBamboolord the Frost Mage (level 9, -12/55 (58) HPs)
             Began as a Demonspawn Ice Elementalist on May 19, 2022.
             Was an Initiate of Vehumet.
             Mangled by a two-headed ogre
             ... wielding a +0 giant spiked club
              (31 damage)
             ... on level 8 of the Dungeon on May 23, 2022.
             The game lasted 00:23:17 (8682 turns).

CrazyBamboolord the Frost Mage (DsIE)               Turns: 8682, Time: 00:23:17

HP:   -12/55 (58)   AC: 19    Str:  8    XL:     9   Next: 67%
MP:   20/20         EV: 14    Int: 20    God:    Vehumet [......]
Gold: 292           SH:  0    Dex: 15    Spells: 12/23 levels left

rFire   . . .      SeeInvis .   l - +4 quarterstaff (chaos)
rCold   + . .      Faith    .   (shield currently unavailable)
rNeg    . . .      Spirit   .   g - +2 robe {rC+}
rPois   .          Reflect  .   (no helmet)
rElec   +          Harm     .   m - +2 cloak {rCorr}
rCorr   +          Rampage  .   n - +1 pair of gloves
Will    .....                   o - +0 pair of boots
Stlth   ++........              r - amulet "Byucolua" {RegenMP rElec Slay+2}
HPRegen 0.18/turn               i - ring of flight
MPRegen 0.74/turn               (no ring)

@: ice-armoured, freezing walls, flying, drained
A: rugged brown scales 1, powered by pain 3, magic regeneration, weakness
stinger 1
a: Renounce Religion


You were on level 8 of the Dungeon.
You worshipped Vehumet.
Vehumet was noncommittal.
You visited 2 branches of the dungeon, and saw 9 of its levels.

You collected 292 gold pieces.

Inventory:

Hand Weapons
 l - a +4 quarterstaff of chaos (weapon)
Armour
 g - a +2 robe of cold resistance (worn)
 m - a +2 cloak of preservation (worn)
 n - a +1 pair of gloves (worn)
 o - a +0 pair of boots (worn)
 p - the +10 scale mail of Zeucseh {Int+2 Slay+5}
   (You found it on level 3 of the Dungeon)

   Int:       It affects your intelligence (+2).
   Slay:      It affects your accuracy & damage with ranged weapons and melee
   (+5).
Jewellery
 i - a ring of flight (left hand)
 r - the amulet "Byucolua" (around neck) {RegenMP rElec Slay+2}
   (You found it on level 3 of the Dungeon)

   [amulet of magic regeneration]

   It increases your rate of magic regeneration.
   Slay:      It affects your accuracy & damage with ranged weapons and melee
   (+2).
   rElec:     It insulates you from electricity.
 E - an amulet of the acrobat
Wands
 k - a wand of polymorph (4)
Scrolls
 a - 3 scrolls of noise
 c - 2 scrolls of teleportation
 h - 3 scrolls of amnesia
 s - 5 scrolls of enchant weapon
 w - a scroll of fear
 x - 2 scrolls of poison
 y - a scroll of immolation
 A - a scroll of blinking
Potions
 b - 3 potions of magic
 d - 2 potions of resistance
 e - 2 potions of brilliance
 f - a potion of flight {unknown}
 j - a potion of cancellation {unknown}
 q - 2 potions of lignification {unknown}
 t - 6 potions of curing
 u - 2 potions of might {unknown}
 v - 2 potions of mutation {unknown}
 z - a potion of attraction {unknown}
 B - 2 potions of heal wounds {unknown}
 C - 3 potions of ambrosia {unknown}


   Skills:
 - Level 0.2 Staves
 - Level 2.0 Armour
 * Level 5.0 Dodging
 + Level 3.3 Stealth
 * Level 7.7 Spellcasting
 * Level 4.0 Conjurations
 * Level 8.0 Ice Magic


You had 12 spell levels left.
You knew the following spells:

 Your Spells              Type           Power      Damage    Failure   Level
a - Freeze                Ice            100%       1d11      1%          1
b - Frozen Ramparts       Ice            80%        1d10      1%          3
c - Ozocubu's Armour      Ice            40%        N/A       1%          3
d - Hailstorm             Conj/Ice       31%        3d8       8%          4

Your spell library contained the following spells:

 Spells                   Type           Power      Damage    Failure   Level
 Dazzling Flash           Conj/Hex       30%        N/A       12%         3
 Scorch                   Fire           14%        2d5       13%         2
 Flame Wave               Conj/Fire      15%        2d6       36%         4
 Agony                    Necr           7%         N/A       94%         5
 Silence                  Hex/Air        3%         N/A       94%         5
 Summon Cactus Giant      Summ           3%         N/A       100%        6


Dungeon Overview and Level Annotations

Branches:
Dungeon (8/15)             Temple (1/1) D:7
   Lair: D:8-11

Altars:
Ashenzari
Cheibriados
Dithmenos
Elyvilon
Gozag
Nemelex Xobeh
Okawaru
Qazlal
Sif Muna
Trog
Uskayaw
Vehumet
Zin
The Shining One

Shops:
D:6 *   D:8 ([


Innate Abilities, Weirdness & Mutations

You are partially covered in rugged brown scales. (AC +1, +3% HP)
You are powered by pain.
You regenerate magic rapidly.
You have a small tail.


Message History

Unknown command.
An orc comes into view.
It is wielding a +0 mace and quivering boomerangs of dispersal.
Found a potion of degeneration.
Casting: Frozen Ramparts (safe; 1% risk of failure)
Confirm with . or Enter, or press ? or * to list all spells.
Casting: Hailstorm (dangerous; 8% risk of failure)
Press: ? - help, Dir - look around, f - activate A cannonade of hail descends around you!
The hail pelts the two-headed ogre!!
The two-headed ogre is moderately wounded.
The two-headed ogre shouts in stereo!
The orc shouts!
The orc throws a boomerang of dispersal.
The boomerang of dispersal misses you.
Casting: Hailstorm (dangerous; 8% risk of failure)
Confirm with . or Enter, or press ? or * to list all spells.
A film of ice covers your body!
The orc throws a boomerang of dispersal.
The boomerang of dispersal hits you but does no damage.
Unknown command.
Casting: Ozocubu's Armour (safe; 1% risk of failure)
Confirm with . or Enter, or press ? or * to list all spells.
Casting: Frozen Ramparts (safe; 1% risk of failure)
Press: ? - help, Dir - look around, f - activate The walls around you are covered in ice.
The wall freezes the two-headed ogre!
The two-headed ogre hits you with a +0 giant spiked club!!
You focus on the pain.
You feel your power returning.
The two-headed ogre hits you with a +0 giant club!
The orc throws a boomerang of dispersal.
The boomerang of dispersal closely misses you.
You sock the two-headed ogre! You burn the two-headed ogre.
Your tail-slap misses the two-headed ogre.
The two-headed ogre is severely wounded.
Unknown command.
You hit the two-headed ogre. You tail-slap the two-headed ogre.
The two-headed ogre is severely wounded.
The wall freezes the two-headed ogre!
The two-headed ogre hits you with a +0 giant spiked club!!
Ouch! That really hurt!
You die...

##...# #⌠.o.#
#.∩..# ⌠.⌠.#
#...#
######...#
.........+
......O@.#
.......#.#
.......#.#
.....!.#.######
.......#......#
.......#.#.##.#
.......#...<#.#
.......#.∩.##.#
#....#.#


You could see a two-headed ogre and an orc.

Vanquished Creatures
  Sigmund (D:2)
  2 water moccasins
  Duvessa (D:5)
  2 orc warriors
  A sky beast (D:7)
  An ice beast (D:6)
  An ogre (D:5)
  2 centaurs (D:7)
  3 phantoms
  A kobold brigand (D:6)
  3 bullfrogs
  2 scorpions
  4 wights (D:7)
  Dowan (D:5)
  2 jellies
  8 hounds
  Crazy Yiuf (D:2)
  3 orc priests
  2 gnoll shamans
  6 iguanas
  Jessica (D:2)
  11 orc wizards
  19 gnolls
  7 adders
  A white imp (D:7)
  2 worms
  2 dart slugs
  29 orcs
  6 ball pythons
  11 endoplasms
  3 giant cockroaches
  4 goblins
  6 hobgoblins
  6 jackals
  6 quokkas
  2 bats (D:2)
  3 frilled lizards
  17 kobolds
  A rat (D:3)
184 creatures vanquished.

Notes
Turn   | Place    | Note
-------+----------+-------------------------------------------
     0 | D:1      | CrazyBamboolord the Demonspawn Ice Elementalist began the
                  | quest for the Orb.
     0 | D:1      | Reached XP level 1. HP: 13/13 MP: 3/3
   500 | D:1      | Gained mutation: You sometimes gain a little power by
                  | taking damage. [demonic ancestry]
   500 | D:1      | Reached XP level 2. HP: 16/19 MP: 1/5
   583 | D:1      | Reached skill level 4 in Ice Magic
   736 | D:1      | Found a faded altar of an unknown god.
  1081 | D:2      | Noticed Jessica
  1094 | D:2      | Killed Jessica
  1095 | D:2      | Gained mutation: You have a small tail. [demonic ancestry]
  1095 | D:2      | Reached XP level 3. HP: 4/24 MP: 0/6
  1888 | D:2      | Noticed Sigmund
  1897 | D:2      | Killed Sigmund
  1898 | D:2      | Reached skill level 1 in Armour
  1898 | D:2      | Reached XP level 4. HP: 30/30 MP: 1/9
  1898 | D:2      | Reached XP level 5. HP: 35/35 MP: 1/10
  2264 | D:2      | Found a runed translucent door.
  2265 | D:2      | Noticed Crazy Yiuf
  2616 | D:2      | Killed Crazy Yiuf
  2617 | D:2      | Gained mutation: You sometimes gain power by taking damage.
                  | [demonic ancestry]
  2617 | D:2      | Reached XP level 6. HP: 15/41 MP: 5/12
  2928 | D:3      | Reached skill level 5 in Ice Magic
  3160 | D:3      | Identified the +10 scale mail of Zeucseh {Int+2 Slay+5}
  3342 | D:3      | Found a faded altar of an unknown god.
  3342 | D:3      | Found a faded altar of an unknown god.
  3350 | D:3      | Found a sparkling altar of Nemelex Xobeh.
  3354 | D:3      | Found a bloodstained altar of Trog.
  3507 | D:3      | Identified the amulet "Byucolua" {RegenMP rElec Slay+2}
  3988 | D:3      | Learned a level 3 spell: Frozen Ramparts
  3993 | D:3      | Learned a level 3 spell: Ozocubu's Armour
  4163 | D:4      | Gained mutation: You regenerate magic rapidly. [demonic
                  | ancestry]
  4163 | D:4      | Reached XP level 7. HP: 44/46 MP: 13/13
  4166 | D:4      | Reached skill level 1 in Conjurations
  4688 | D:4      | Reached skill level 5 in Spellcasting
  4719 | D:4      | Found a snail-covered altar of Cheibriados.
  4782 | D:4      | Reached skill level 6 in Ice Magic
  5036 | D:4      | Gained mutation: You are powered by pain. [demonic
                  | ancestry]
  5036 | D:4      | Reached XP level 8. HP: 47/52 MP: 9/15
  5354 | D:4      | Learned a level 4 spell: Hailstorm
  5374 | D:5      | Entered Level 5 of the Dungeon
  5375 | D:5      | Noticed Duvessa
  5377 | D:5      | Noticed Dowan
  5388 | D:5      | Killed Duvessa
  5392 | D:5      | Killed Dowan
  6041 | D:5      | Reached skill level 7 in Ice Magic
  6419 | D:6      | Gained mutation: You are partially covered in rugged brown
                  | scales. (AC +1, +3% HP) [demonic ancestry]
  6419 | D:6      | Reached XP level 9. HP: 50/58 MP: 16/18
  6936 | D:6      | Found Xaenebr Vymn's CLEARANCE SALE!.
  7388 | D:7      | Found a shadowy altar of Dithmenos.
  8105 | D:7      | Found a staircase to the Ecumenical Temple.
  8124 | Temple   | Entered the Ecumenical Temple
  8161 | Temple   | Became a worshipper of Vehumet
  8189 | D:7      | Upgraded the game from 0.29-a0-451-gfbfa42419e to
                  | 0.29-a0-473-gacb4ef3bc5
  8205 | D:7      | Reached skill level 5 in Dodging
  8207 | D:7      | Reached skill level 8 in Ice Magic
  8663 | D:8      | Found Naahig Voup's Antique Armour Boutique.
  8675 | D:8      | Found Giwe's Antique Weapon Emporium.
  8676 | D:8      | Noticed a two-headed ogre
  8682 | D:8      | Mangled by a two-headed ogre

Illustrated notes

Levels and vault maps discovered:
D:1:      nagdon_arrival_double_spiral, layout_basic, basic_ecumenical_altar
D:2:      layout_loops_cross, minmay_cupped, uniq_sigmund,
          uniq_crazy_yiuf_cottage, uniq_jessica
D:3:      layout_loops_cross, chequers_temple_overflow_minitemple,
          minmay_stone_trees_medium
D:4:      cheibrodos_barr_body, layout_gridville, slow_altar_1, serial_rivers,
          chequers_serial_rivers_micro_a, chequers_serial_rivers_micro_b,
          chequers_serial_rivers_small_b, chequers_serial_rivers_room_b
D:5:      layout_rooms, kennysheep_dice, uniq_duvessa
D:6:      layout_loops_ring, nicolae_shop_clearance
D:7:      minmay_skewed_foursquare, layout_basic,
          nicolae_dithmenos_through_a_glass_darkly, zin_academy,
          minmay_temple_entry_offerings, chequers_serial_rivers_micro_c
D:8:      layout_basic, ploomutoo_gammafunk_ghost_potion_laboratory,
          serial_shops, shop, nicolae_square_shop, nicolae_shop_crystal,
          shop_fountains, nicolae_shop_stone
Temple:   regret_index_temple_waves

Skill      XL: |  1  2  3  4  5  6  7  8  9 |
---------------+----------------------------+-----
Dodging        | 2 3 4 5 |  5.0
Ice Magic      | 4 5 6 7 8 |  8.0
Armour         | 1 2 |  2.0
Stealth        | 2 3 |  3.3
Spellcasting   | 3 4 5 6 7 |  7.7
Conjurations   | 2 3 4 |  4.0
Staves         | |  0.2

Action                   |  1- 3 |  4- 6 |  7- 9 || total
-------------------------+-------+-------+-------++-------
Melee: Unarmed           |    24 |    24 |       ||    48
       Tailslap          |     1 |     5 |    34 ||    40
       Quarterstaff      |       |    19 |   188 ||   207
 Cast: Freeze            |    43 |    53 |    77 ||   173
       Frozen Ramparts   |       |     1 |    26 ||    27
       Ozocubu's Armour  |       |     1 |    10 ||    11
       Hailstorm         |       |       |     5 ||     5
  Use: Scroll            |     3 |     2 |    10 ||    15
 Stab: Sleeping          |       |       |     8 ||     8
Armor: Robe              |    11 |    41 |   112 ||   164
Dodge: Dodged            |    36 |    69 |   194 ||   299

Table legend: (Time is in decaauts)
 A = Elapsed time spent in this place.
 B = Non-inter-level travel time spent in this place.
 C = Inter-level travel time spent in this place.
 D = Time resting spent in this place.
 E = Time spent auto-exploring this place.
 F = Levels seen in this place.
 G = Mean time per level.
                   A        B        C        D        E       F      G
               +--------+--------+--------+--------+--------+-----+--------+
         Total |   8781 |   8409 |    372 |   1221 |   5895 |   9 |  975.7 |
       Dungeon |   8717 |   8372 |    345 |   1221 |   5867 |   8 | 1089.6 |
        Temple |     63 |     36 |     27 |      0 |     28 |   1 |   63.0 |
               +--------+--------+--------+--------+--------+-----+--------+

Top non-repeatable levels by time:
     D:2: 1778 daAuts
     D:7: 1479 daAuts
     D:4: 1430 daAuts
     D:3: 1114 daAuts
     D:1: 1113 daAuts
     D:6: 951 daAuts
     D:5: 830 daAuts
  Temple: 63 daAuts
     D:8: 19 daAuts
